 Seeded DCSS version 0.29-a0-284-gf9362112df (webtiles) character file.

Game seed: 20220320 (custom seed)

217547 muata the Executioner (level 18, -17/165 HPs)
             Began as a Minotaur Berserker on Mar 20, 2022.
             Was a High Priest of Trog.
             Splashed with acid (22 damage)
             ... on level 1 of the Pits of Slime on Mar 21, 2022.
             The game lasted 02:38:25 (35735 turns).

muata the Executioner (Minotaur Berserker)         Turns: 35735, Time: 02:38:25

Health: -17/165    AC: 45    Str: 40    XL:     18   Next: 39%
Magic:  13/13      EV: 24    Int:  4    God:    Trog [*****.]
Gold:   2911       SH:  0    Dex: 22    Spells: 17/17 levels left

rFire   . . .      SeeInvis .   b - +9 executioner's axe of Fedhas {freeze, Str+2 Dex+5}
rCold   + + .      Faith    +   (shield currently unavailable)
rNeg    . . .      Spirit   .   M - +2 crystal plate armour
rPois   +          Reflect  .   X - +2 hat
rElec   +          Harm     .   e - +1 cloak of Starlight {*Dazzle EV+4 Stlth--}
rCorr   +          Rampage  +   J - +2 pair of gloves of the Old and Reckless {rF- Str+5 Dex+4}
Will    +....                   r - +2 pair of boots {rampage}
Stlth   ..........              g - amulet of faith
HPRegen 0.37/turn               E - +4 ring of evasion
MPRegen 0.13/turn               v - ring "Vuiroad" {rC+ Str+4}

@: confused, resistant
A: horns 2, retaliatory headbutt, iridescent scales 1, agile 1, frail 1, low MP
2, screaming 1
}: 1/15 runes: gossamer
a: Renounce Religion, Berserk, Trog's Hand, Brothers in Arms


You were on level 1 of the Pits of Slime.
You worshipped Trog.
Trog was extremely pleased with you.
You visited 5 branches of the dungeon, and saw 28 of its levels.
You also visited: Bailey.

You collected 4049 gold pieces.
You spent 1138 gold pieces at shops.

Inventory:

Hand Weapons
 b - the +9 executioner's axe of Fedhas (weapon) {freeze, Str+2 Dex+5}
   (You acquired it on level 12 of the Dungeon)

   It freezes those it strikes, dealing additional cold damage.
   It can also slow down cold-blooded creatures.
   Str:       It affects your strength (+2).
   Dex:       It affects your dexterity (+5).
 H - the +4 war axe "Minotaur's Doom" {speed, rN+}
   (You found it on level 6 of the Lair of Beasts)

   Attacks with this weapon are significantly faster.
   rN:        It protects you from negative energy.
 P - the +8 dire flail of Ulamy {vorpal, rPois}
   (You found it on level 5 of the Lair of Beasts)

   It inflicts extra damage upon your enemies.
   rPois:     It protects you from poison.
Armour
 e - the +1 cloak of Starlight (worn) {*Dazzle EV+4 Stlth--}
   (You acquired it on level 12 of the Dungeon)

   It may blind those who miss an attack against the wearer in melee combat.
   EV:        It affects your evasion (+4).
   Stlth:     It makes you much less stealthy.
 j - the +2 pair of boots "Saiss" {rC+++ rN+ Str+3 Dex-5}
   (You acquired it on level 12 of the Dungeon)

   Str:       It affects your strength (+3).
   Dex:       It affects your dexterity (-5).
   rC:        It renders you almost immune to cold.
   rN:        It protects you from negative energy.
 r - a +2 pair of boots of rampaging (worn)
 u - an orb of mayhem
 J - the +2 pair of gloves of the Old and Reckless (worn) {rF- Str+5 Dex+4}
   (You found it on level 15 of the Dungeon)

   Str:       It affects your strength (+5).
   Dex:       It affects your dexterity (+4).
   rF:        It makes you vulnerable to fire.
 M - a +2 crystal plate armour (worn)
 W - a +2 cloak of preservation
 X - a +2 hat (worn)
Jewellery
 g - an amulet of faith (around neck)
 v - the ring "Vuiroad" (right hand) {rC+ Str+4}
   (You found it on level 3 of the Spider Nest)

   [ring of protection from cold]

   Str:       It affects your strength (+4).
   rC:        It protects you from cold.
 E - a +4 ring of evasion (left hand)
 G - a +4 ring of evasion
 K - a ring of ice
 U - a ring of fire
 V - a ring of poison resistance
Wands
 m - a wand of charming (21)
 x - a wand of mindburst (20)
 A - a wand of paralysis (13)
 C - a wand of polymorph (20)
 F - a wand of digging (6)
 L - a wand of flame (4) (quivered)
 R - a wand of iceblast (29)
Scrolls
 h - 6 scrolls of fog
 k - 15 scrolls of teleportation
 n - 3 scrolls of fear
 o - 3 scrolls of identify
 p - a scroll of enchant weapon
 y - a scroll of silence
 z - 14 scrolls of immolation
 I - 5 scrolls of blinking
 N - 2 scrolls of holy word
 T - 10 scrolls of magic mapping
Potions
 a - 3 potions of resistance
 c - 2 potions of invisibility
 d - 4 potions of might
 i - 4 potions of haste
 l - 5 potions of cancellation
 q - 6 potions of curing
 s - 7 potions of lignification
 w - 3 potions of magic
 B - 5 potions of mutation
 D - 17 potions of ambrosia
 O - 2 potions of berserk rage
 Q - 5 potions of flight
Miscellaneous
 S - a phantom mirror


   Skills:
 + Level 22.0 Fighting
 - Level 24.0 Axes
 - Level 23.2 Armour
 - Level 11.0 Dodging


You had 17 spell levels left.
You didn't know any spells.
Your spell library was empty.

Dungeon Overview and Level Annotations

Branches:
Dungeon (15/15)            Temple (0/1) D:7            Lair (6/6) D:9
  Swamp (0/4) Lair:2       Spider (4/4) Lair:4        Slime (1/5) Lair:6
    Orc (2/2) D:12            Elf (0/3) Orc:2        Vaults (0/5) D:14
 Depths (0/4) D:15         Bailey (visited)

Altars:
Cheibriados
Dithmenos
Gozag
Hepliaklqana
Kikubaaqudgha
Makhleb
Qazlal
Wu Jian
Yredelemnul
The Shining One
Beogh
Lugonu

Shops:
D:7 *   D:8 (   D:10 *(   Orc:2 =!![*

Portals:
Abyss: Lair:1 Lair:6

Annotations:
Lair:1 exclusion: 3 oklob plants


Innate Abilities, Weirdness & Mutations

You have a pair of horns on your head.
You reflexively headbutt those who attack you in melee.
You are partially covered in iridescent scales. (AC +2)
You are agile. (Dex +2)
You are frail. (-10% HP)
Your magical capacity is very low. (-20% MP)
You occasionally shout uncontrollably at your foes.


Message History

The golden eye blinks!
You are splashed with acid!
The golden eye turns its gaze towards you.
The golden eye blinks at you.
You are more confused.
The golden eye blinks at you.
You are more confused.
You barely miss the golden eye. Your headbutt misses the golden eye.
You are splashed with acid!
The golden eye blinks at you.
You are more confused.
You slice the golden eye!! You freeze the golden eye.
You kill the golden eye!
Trog accepts your kill.
You are splashed with acid.
You are splashed with acid!
You are splashed with acid!
You are splashed with acid!
You are splashed with acid!!
* * * LOW HITPOINT WARNING * * *
You feel much better.
You are splashed with acid!!
* * * LOW HITPOINT WARNING * * *
You are splashed with acid!
* * * LOW HITPOINT WARNING * * *
You are splashed with acid!
* * * LOW HITPOINT WARNING * * *
You feel much better.
You are splashed with acid!!
* * * LOW HITPOINT WARNING * * *
You are too confused!
You feel much better.
You are splashed with acid!!!
* * * LOW HITPOINT WARNING * * *
You feel much better.
You are splashed with acid!!
* * * LOW HITPOINT WARNING * * *
You feel much better.
You are splashed with acid!!
* * * LOW HITPOINT WARNING * * *
You feel much better.
You are splashed with acid!!
* * * LOW HITPOINT WARNING * * *
You feel protected.
You are splashed with acid!!
You die...

####.###
###.#...#.
#......... ...
.........
.........
#......
.........
##......
..........###
#....<..
.........##.##
##......
............@#
#......
............##
##.....
.............#
#.....
.............#
##....
............##
###..
..####...###
#.. #....###
##. #...##.##
#####
#.......#
##.##.


There were no monsters in sight!

Vanquished Creatures
  Bai Suzhen (Spider:4)
  Nikola (Spider:4)
  Arachne (Spider:3)
  Rupert (Lair:4)
  6 emperor scorpions
  An azure jelly (Slime:1)
  3 rockslimes (Slime:1)
  2 ghost moths (Spider:3)
  A quicksilver ooze (Slime:1)
  6 broodmothers
  An entropy weaver (Spider:4)
  Azrael (Spider:1)
  The ghost of Pigot the Bludgeoner, a journeyman MiBe of Trog (D:15)
  A green death (D:15)
  A fire dragon (D:13)
  The ghost of seaofthunder the Fighter, a journeyman HOFi of Beogh (Orc:1)
  Josephine (Lair:5)
  The ghost of Bediveer the Archer, a journeyman DgHu (D:10)
  9 hydras
  13 boulder beetles
  10 two-headed ogres
  3 catoblepae
  A radroach (Spider:4)
  A jorogumo (Spider:3)
  An ogre mage (D:15)
  A death knight (D:13)
  13 centaur warriors
  3 thrashing horrors (Lair:6)
  9 death yaks (Lair:5)
  5 orc high priests
  A tengu warrior (D:15)
  2 fire crabs (shapeshifter) (D:13)
  4 large abominations (Lair:6)
  11 skeletal warriors
  2 sun moths
  A fire crab (D:13)
  4 pharaoh ants
  8 steelbarb worms
  6 orb spiders
  A spark wasp zombie (Spider:3)
  A deep troll (D:14)
  A death drake (shapeshifter) (D:13)
  A lindwurm (Lair:6)
  2 necromancers
  17 ugly things
  A wolf spider zombie (D:15)
  4 wizards
  Pikel (D:8)
  7 orc sorcerers
  4 deep elf pyromancers
  8 orc knights
  2 jorogumo zombies (Spider:3)
  38 slime creatures
  2 shining eyes (Slime:1)
  4 manticores
  A broodmother zombie (Spider:3)
  13 wolf spiders
  10 cyclopes
  2 moths of wrath
  A centaur zombie (D:15)
  10 black mambas
  5 elephants (Lair:4)
  4 torpor snails
  A smoke demon (Lair:6)
  2 gargoyles
  16 cane toads
  A centaur skeleton (D:15)
  A yaktaur (D:13)
  2 rime drakes
  11 demonic crawlers
  An efreet (D:13)
  6 komodo dragons
  4 freezing wraiths
  An ancient zyme (Lair:6)
  A meliai (D:15)
  A troll (shapeshifter) (Lair:6)
  11 trolls
  4 polar bears
  15 tarantellas
  Grinder (D:3)
  5 hornets
  17 blink frogs
  6 dream sheep (Lair:6)
  A slime creature (shapeshifter) (D:13)
  A raiju (shapeshifter) (D:13)
  2 radroach zombies (Spider:3)
  18 jumping spiders
  10 culicivoras
  2 spriggans (shapeshifter)
  7 wyverns
  3 ynoxinuls (Lair:6)
  3 spriggans
  58 yaks
  10 wraiths
  4 fire elementals (Spider:1)
  A steam dragon (D:8)
  3 golden eyes (Slime:1)
  Eustachio (D:5)
  14 vampire mosquitoes
  6 basilisks
  2 chaos spawn (Lair:6)
  33 redbacks
  3 hogs (Lair:4)
  A redback simulacrum (D:11)
  Menkaure (D:5)
  6 wargs
  3 acid dragons
  4 hell hounds (Spider:1)
  2 sky beasts (D:5)
  18 water moccasins
  Duvessa (D:4)
  3 black bears
  21 orc warriors
  7 boggarts
  11 ogres
  10 wolves
  11 centaurs
  8 small abominations (Lair:6)
  A phantom (D:5)
  A kobold brigand (D:8)
  8 bullfrogs
  5 gnoll sergeants
  A necrophage (D:5)
  30 scorpions
  4 wights (D:6)
  Dowan (D:4)
  17 killer bees
  3 howler monkeys
  5 electric eels
  A lava snake (D:10)
  2 gnoll shamans
  18 orc priests
  4 hounds
  3 iron imps (D:5)
  A jelly (D:7)
  Jessica (D:3)
  2 iguanas
  20 orc wizards
  10 hell rats
  Robin (D:3)
  30 gnolls
  3 adders
  2 white imps
  A worm (D:2)
  7 dart slugs
  78 orcs
  5 endoplasms
  2 giant cockroaches (D:2)
  21 goblins
  17 hobgoblins
  2 quokkas
  10 ball pythons
  A bat (shapeshifter) (D:13)
  5 bats
  2 frilled lizards (D:1)
  15 kobolds
  6 rats
  A spectral hobgoblin (D:12)
  A lurking horror (Lair:1)
1023 creatures vanquished.

Vanquished Creatures (collateral kills)
  Frances (D:14)
  Kirke (Lair:4)
  2 emperor scorpions
  An orc warlord (Bailey)
  A broodmother (Spider:4)
  A catoblepas (Lair:5)
  2 boulder beetles
  3 two-headed ogres
  An emperor scorpion zombie (Spider:3)
  2 orb spiders (Spider:4)
  A skeletal warrior (D:15)
  A flayed ghost (D:15)
  3 wolf spiders
  2 ugly things (D:15)
  2 demonic crawlers (Spider:3)
  2 trolls
  A queen bee (D:10)
  A hornet (Spider:3)
  2 tarantellas
  2 dream sheep (Lair:6)
  6 blink frogs
  2 jumping spiders (Spider:4)
  A wraith (Lair:5)
  7 yaks
  A human (Lair:4)
  A hog (Lair:4)
  A basilisk (Lair:6)
  2 redbacks (Spider:3)
  2 water moccasins
  5 orc warriors
  2 ogres (D:15)
  A kobold brigand (D:8)
  A scorpion (Spider:3)
  8 killer bees
  2 small abominations (Lair:6)
  An orc priest (Orc:2)
  2 hell rats (Lair:6)
  4 gnolls
  10 orcs
  2 hobgoblins
  7 goblins
  2 kobolds (D:8)
102 creatures vanquished.

Vanquished Creatures (others)
  A wizard (D:13)
  An orc sorcerer (Orc:2)
  A yak (D:10)
  A human (Lair:4)
  2 orc warriors (Orc:2)
  4 killer bees
  3 orc wizards
  3 gnolls (Bailey)
  5 orcs
  3 goblins
  A kobold (D:8)
  14 fungi
  29 plants
68 creatures vanquished.

Grand Total: 1193 creatures vanquished

Notes
Turn   | Place    | Note
-------+----------+-------------------------------------------
     0 | D:1      | muata the Minotaur Berserker began the quest for the Orb.
     0 | D:1      | Reached XP level 1. HP: 19/19 MP: 0/0
   146 | D:1      | Found a faded altar of an unknown god.
   262 | D:1      | Reached skill level 4 in Axes
   329 | D:1      | Reached XP level 2. HP: 23/26 MP: 1/1
   578 | D:1      | Noticed a troll
  1102 | D:2      | Reached skill level 5 in Axes
  1149 | D:2      | Reached ** piety under Trog
  1150 | D:2      | Reached XP level 3. HP: 31/31 MP: 2/2
  1828 | D:3      | Noticed Grinder
  1836 | D:3      | Reached skill level 6 in Axes
  1836 | D:3      | Reached XP level 4. HP: 39/39 MP: 3/3
  1836 | D:3      | Killed Grinder
  1837 | D:3      | Reached skill level 8 in Axes
  1837 | D:3      | Reached XP level 5. HP: 45/45 MP: 4/4
  1837 | D:3      | Reached XP level 6. HP: 51/51 MP: 5/5
  2008 | D:3      | Noticed Jessica
  2012 | D:3      | Killed Jessica
  2070 | D:3      | Noticed Robin
  2080 | D:3      | Killed Robin
  2325 | D:4      | Noticed Duvessa
  2325 | D:4      | Noticed Dowan
  2335 | D:4      | Killed Duvessa
  2336 | D:4      | Reached skill level 9 in Axes
  2339 | D:4      | Killed Dowan
  2490 | D:4      | Reached XP level 7. HP: 56/57 MP: 6/6
  2508 | D:4      | Reached skill level 10 in Axes
  2512 | D:4      | Reached *** piety under Trog
  2744 | D:4      | Noticed a wyvern
  2829 | D:4      | Killed a wyvern
  2830 | D:4      | Reached skill level 11 in Axes
  3175 | D:4      | Reached XP level 8. HP: 48/64 MP: 7/7
  3843 | D:5      | Entered Level 5 of the Dungeon
  3868 | D:5      | Reached skill level 12 in Axes
  4049 | D:5      | Noticed Eustachio
  4075 | D:5      | Killed Eustachio
  4139 | D:5      | Reached skill level 13 in Axes
  4253 | D:5      | Found an ancient bone altar of Kikubaaqudgha.
  4253 | D:5      | Found a basalt altar of Yredelemnul.
  4253 | D:5      | Found a transporter.
  4254 | D:5      | Noticed Menkaure
  4366 | D:5      | Found a snail-covered altar of Cheibriados.
  4367 | D:5      | Found an opulent altar of Gozag.
  4558 | D:5      | Found a transporter.
  4600 | D:5      | Found a burning altar of Makhleb.
  4756 | D:5      | Killed Menkaure
  4757 | D:5      | Reached skill level 5 in Fighting
  4763 | D:5      | Reached XP level 9. HP: 75/75 MP: 8/8
  4790 | D:5      | Identified the +2 robe of Starshine {rElec rF- rCorr}
  5076 | D:6      | You fall into a shaft and drop 3 floors!
  5422 | D:7      | Found a staircase to the Ecumenical Temple.
  5503 | D:7      | Reached **** piety under Trog
  5529 | D:7      | Reached skill level 10 in Fighting
  5554 | D:7      | Found Jiass's Lightly-Used Armoury.
  5609 | D:7      | Found a flagged portal.
  5622 | Bailey   | Entered a bailey
  5660 | Bailey   | Noticed an orc knight
  5677 | Bailey   | Killed an orc knight
  5830 | Bailey   | Noticed an orc knight
  5847 | Bailey   | Reached XP level 10. HP: 96/96 MP: 9/9
  5851 | Bailey   | Killed an orc knight
  6093 | Bailey   | Noticed an orc knight
  6106 | Bailey   | Killed an orc knight
  6320 | Bailey   | Noticed an orc warlord
  6338 | Bailey   | Killed an orc warlord
  6375 | Bailey   | Reached skill level 10 in Armour
  6375 | Bailey   | Reached XP level 11. HP: 106/106 MP: 10/10
  7051 | D:6      | Identified 2 scrolls of acquirement
  7685 | D:8      | Found Efamupt's Weapon Emporium.
  7690 | D:8      | Noticed Pikel
  7701 | D:8      | Killed Pikel
  7762 | D:8      | Found an ornate altar of the Wu Jian Council.
  9375 | D:9      | Reached XP level 12. HP: 106/113 MP: 11/11
  9411 | D:9      | Noticed a two-headed ogre
  9412 | D:9      | Found a staircase to the Lair.
  9422 | D:9      | Killed a two-headed ogre
 10409 | D:9      | Found a shadowy altar of Dithmenos.
 10689 | D:10     | Entered Level 10 of the Dungeon
 10716 | D:10     | Reached ***** piety under Trog
 10931 | D:10     | Found a stormy altar of Qazlal.
 10942 | D:10     | Noticed a two-headed ogre
 10947 | D:10     | Killed a two-headed ogre
 11252 | D:10     | Found Koczakk's Weapon Emporium.
 11270 | D:10     | Found a glowing golden altar of the Shining One.
 11641 | D:10     | Found Qiyg's Overcharged Wands.
 11684 | D:10     | Reached skill level 15 in Armour
 11748 | D:10     | Found a runed translucent gate.
 11749 | D:10     | Found a runed translucent gate.
 11749 | D:10     | Found a runed translucent gate.
 11797 | D:10     | Found an opulent altar of Gozag.
 11798 | D:10     | Noticed Bediveer's ghost (journeyman DgHu)
 11798 | D:10     | Noticed a two-headed ogre
 11798 | D:10     | Noticed a boulder beetle
 12262 | D:11     | Noticed a boulder beetle
 12571 | D:11     | Received a gift from Trog
 12732 | D:11     | Killed a boulder beetle
 13775 | D:10     | Killed a two-headed ogre
 13800 | D:10     | Killed Bediveer's ghost
 13806 | D:10     | Killed a boulder beetle
 14551 | D:12     | Found a staircase to the Orcish Mines.
 14617 | D:12     | Reached XP level 13. HP: 125/125 MP: 12/12
 14637 | D:12     | Reached skill level 15 in Fighting
 15372 | D:12     | Found a hazy altar of Hepliaklqana.
 15455 | D:12     | Acquired the +2 pair of boots "Saiss" {rC+++ rN+ Str+3
                  | Dex-5}
 15456 | D:12     | Acquired the +1 cloak of Starlight {*Dazzle EV+4 Stlth--}
 15456 | D:12     | Found the +1 cloak of Starlight {*Dazzle EV+4 Stlth--}
 15457 | D:12     | Acquired the +9 executioner's axe of Fedhas {freeze, Str+2
                  | Dex+5}
 15695 | D:13     | Reached skill level 14 in Axes
 16037 | D:13     | Reached skill level 15 in Axes
 16415 | D:13     | Reached skill level 16 in Axes
 16570 | D:13     | Reached XP level 14. HP: 114/135 MP: 13/13
 16858 | Lair:1   | Entered Level 1 of the Lair of Beasts
 16982 | Lair:1   | Found a one-way gate to the infinite horrors of the Abyss.
 16987 | Lair:1   | Found a corrupted altar of Lugonu.
 17314 | Lair:1   | Reached skill level 17 in Axes
 17957 | Lair:2   | Found a staircase to the Swamp.
 18616 | Lair:3   | Reached skill level 18 in Axes
 19370 | Lair:4   | Noticed Rupert
 19372 | Lair:4   | Paralysed by Rupert for 6 turns
 19665 | Lair:4   | Killed Rupert
 19785 | Lair:4   | Reached skill level 19 in Axes
 19996 | Lair:4   | Noticed Kirke
 20009 | Lair:4   | Killed Kirke
 20079 | Lair:4   | Found a hole to the Spider Nest.
 20487 | Lair:5   | Reached skill level 20 in Axes
 20515 | Lair:5   | Identified the +8 dire flail of Ulamy {vorpal, rPois}
 20595 | Lair:5   | Noticed Josephine
 20602 | Lair:5   | Killed Josephine
 20613 | Lair:5   | Received a gift from Trog
 20829 | Lair:5   | Reached skill level 21 in Axes
 20830 | Lair:5   | Reached XP level 15. HP: 141/141 MP: 14/14
 21421 | Lair:6   | Entered Level 6 of the Lair of Beasts
 21826 | Lair:6   | Received a gift from Trog
 21966 | Lair:6   | Found a corrupted altar of Lugonu.
 22170 | Lair:6   | Identified the +4 war axe "Minotaur's Doom" {speed, rN+}
 22545 | Lair:6   | Found a staircase to the Slime Pits.
 23516 | Orc:1    | Entered Level 1 of the Orcish Mines
 23984 | Orc:1    | Found a runed translucent gate.
 23985 | Orc:1    | Found a runed translucent gate.
 23985 | Orc:1    | Noticed seaofthunder's ghost (journeyman HOFi)
 23986 | Orc:1    | Found a runed translucent gate.
 24004 | Orc:1    | Killed seaofthunder's ghost
 24355 | Orc:2    | Entered Level 2 of the Orcish Mines
 24485 | Orc:2    | Found a staircase to the Elven Halls.
 24637 | Orc:2    | Found Rofrut's Assorted Antiques.
 24648 | Orc:2    | Bought a wand of charming (4) for 46 gold pieces
 24896 | Orc:2    | Found Fupatec's Armour Shop.
 24905 | Orc:2    | Received a gift from Trog
 24962 | Orc:2    | Reached XP level 16. HP: 135/149 MP: 15/15
 25143 | Orc:2    | Found Listoqu Mito's Distillery.
 25157 | Orc:2    | Bought a potion of mutation for 88 gold pieces
 25157 | Orc:2    | Bought 2 potions of mutation for 176 gold pieces
 25157 | Orc:2    | Bought a potion of mutation for 88 gold pieces
 25157 | Orc:2    | Found Omofyute's Jewellery Shoppe.
 25159 | Orc:2    | Found Cellue Cyusch's Distillery.
 25358 | Orc:2    | Bought an amulet of faith for 600 gold pieces
 25360 | Orc:2    | Bought a potion of heal wounds for 70 gold pieces
 25360 | Orc:2    | Bought a potion of heal wounds for 70 gold pieces
 25819 | D:13     | Reached skill level 22 in Axes
 26157 | D:13     | Identified the +6 rapier of Ixzuc {vorpal, Dex+2 SInv}
 26157 | D:13     | Identified the +1 glaive of Qusenge {speed, Will+}
 26882 | D:13     | Reached skill level 23 in Axes
 27044 | D:13     | Received a gift from Trog
 27153 | D:13     | Gained mutation: You are robust. (+10% HP) [potion of
                  | mutation]
 27153 | D:13     | Gained mutation: You are weak. (Str -2) [potion of
                  | mutation]
 27153 | D:13     | Gained mutation: Your magical capacity is low. (-10% MP)
                  | [potion of mutation]
 27154 | D:13     | Lost mutation: You are robust. (+10% HP) [potion of
                  | mutation]
 27154 | D:13     | Lost mutation: You are weak. (Str -2) [potion of mutation]
 27154 | D:13     | Lost mutation: Your magical capacity is low. (-10% MP)
                  | [potion of mutation]
 27154 | D:13     | Gained mutation: You are agile. (Dex +2) [potion of
                  | mutation]
 27154 | D:13     | Gained mutation: You are partially covered in iridescent
                  | scales. (AC +2) [potion of mutation]
 27154 | D:13     | Gained mutation: Your spells are a little harder to cast,
                  | but a little more powerful. [potion of mutation]
 27311 | D:14     | Noticed Frances
 27318 | D:14     | Killed Frances
 27454 | D:14     | Found a gate to the Vaults.
 28083 | D:15     | Entered Level 15 of the Dungeon
 28100 | D:15     | Reached skill level 24 in Axes
 28425 | D:15     | Received a gift from Trog
 28675 | D:15     | Found a staircase to the Depths.
 28787 | D:15     | Found a runed translucent gate.
 28788 | D:15     | Found a runed translucent gate.
 28789 | D:15     | Found a runed translucent gate.
 28790 | D:15     | Noticed Pigot's ghost (journeyman MiBe)
 29154 | D:15     | Reached skill level 10 in Dodging
 29156 | D:15     | Killed Pigot's ghost
 29224 | D:15     | Identified the +2 pair of gloves of the Old and Reckless
                  | {rF- Str+5 Dex+4}
 29950 | Spider:1 | Entered Level 1 of the Spider Nest
 29954 | Spider:1 | Reached XP level 17. HP: 156/156 MP: 16/16
 30006 | Spider:1 | Noticed Azrael
 30025 | Spider:1 | Killed Azrael
 32014 | Spider:3 | Reached ****** piety under Trog
 32490 | Spider:3 | Received a gift from Trog
 32754 | Spider:3 | Identified the ring "Vuiroad" {rC+ Str+4}
 33333 | Spider:4 | Entered Level 4 of the Spider Nest
 33449 | Spider:4 | Noticed Nikola
 33460 | Spider:4 | Received a gift from Trog
 33478 | Spider:4 | Killed Nikola
 33759 | Spider:4 | Reached XP level 18. HP: 134/180 MP: 17/17
 34004 | Spider:4 | Noticed Bai Suzhen
 34004 | Spider:4 | Noticed Arachne
 34509 | Spider:3 | Killed Arachne
 34680 | Spider:3 | Received a gift from Trog
 34848 | Spider:4 | Killed Bai Suzhen
 35001 | Spider:4 | Got a gossamer rune of Zot
 35451 | Slime:1  | Entered Level 1 of the Pits of Slime
 35492 | Slime:1  | Gained mutation: Your magical capacity is low. (-10% MP) [a
                  | shining eye]
 35494 | Slime:1  | Lost mutation: Your spells are a little harder to cast, but
                  | a little more powerful. [a shining eye]
 35504 | Slime:1  | Gained mutation: You occasionally shout uncontrollably at
                  | your foes. [a shining eye]
 35506 | Slime:1  | Gained mutation: You are frail. (-10% HP) [a shining eye]
 35508 | Slime:1  | Gained mutation: Your magical capacity is very low. (-20%
                  | MP) [a shining eye]
 35729 | Slime:1  | HP: 6/165 [acid (16)]
 35734 | Slime:1  | HP: 5/165 [acid (30)]
 35735 | Slime:1  | Splashed with acid

Illustrated notes

Levels and vault maps discovered:
D:1:      erik_arrival_cave_to_civilisation [erik_arrival_cave_to_temple],
          layout_basic, ebering_ecumenical_altar_sacrificial
D:2:      layout_loops_cross, minmay_randomly_rotated_circles
D:3:      layout_loops_ring, uniq_grinder, uniq_robin, uniq_jessica
D:4:      layout_rooms, uniq_duvessa
D:5:      layout_basic, gammafunk_temple_of_torment, nicolae_overflow_squiral,
          demons_altar, uniq_eustachio, uniq_menkaure
D:6:      layout_rooms
D:7:      layout_layer_cave, minmay_temple_entry_grid, enter_bailey_3,
          minivault_5, minmay_shop_damaged, chequers_mini_garden,
          corner_web_ring, minmay_misc_feat_square
D:8:      layout_basic, mainiacjoe_overflow_24_doors, serial_shops, shop,
          uniq_pikel
D:9:      layout_layer_cave, kennysheep_mini, erik_lair_orcish_takeover,
          nrook_mini_vaults, minmay_librarian
D:10:     layout_basic, amcnicky_altar_gilded,
          mainiacjoe_overflow_concentric_impassable, special_room
          [special_room_bee], ebering_ghost_gozag, nicolae_inconvenience_store,
          nicolae_shop_overcharged_wands
D:11:     layout_irregular_city, chequers_big_river
D:12:     layout_long_grid, david_orc_5, nicolae_hepliaklqana_monster_ancestors
D:13:     minmay_the_grid_square_5x5_5x5 [minmay_the_grid_square_5x5_empty,
          minmay_the_grid_square_5x5_three, minmay_the_grid_square_5x5_lines,
          minmay_the_grid_square_5x5_tie, minmay_the_grid_square_5x5_bridge,
          minmay_the_grid_square_5x5_moneybag,
          minmay_the_grid_square_5x5_prize_gold,
          minmay_the_grid_square_5x5_percent,
          minmay_the_grid_square_5x5_prize_snowflake,
          minmay_the_grid_square_5x5_checkered_statues,
          minmay_the_grid_square_5x5_fat_x, minmay_the_grid_square_5x5_n,
          minmay_the_grid_square_5x5_prize_waves,
          minmay_the_grid_square_5x5_almost_minimal,
          minmay_the_grid_square_5x5_n_small,
          minmay_the_grid_square_5x5_shrine2,
          minmay_the_grid_square_5x5_prize_open,
          minmay_the_grid_square_5x5_slash,
          minmay_the_grid_square_5x5_prize_itemx,
          minmay_the_grid_square_5x5_meh,
          minmay_the_grid_square_5x5_intrusive_squares,
          minmay_the_grid_square_5x5_fancy_junction,
          minmay_the_grid_square_5x5_broken_cross,
          minmay_the_grid_square_5x5_spiral_small,
          minmay_the_grid_square_5x5_inset], layout_loops_ring
D:14:     layout_irregular_city, david_vaults_1, kennysheep_nub, uniq_frances
D:15:     grunt_enter_depths_magical_seal, layout_long_grid,
          grunt_decor_arrowhead, gammafunk_ghost_tricky_traps,
          minmay_misc_feat_iff, serial_bayou_crossing
Lair:1:   dpeg_oklob_gauntlet, layout_chaotic_city,
          amcnicky_altar_lugonu_corruption
Lair:2:   layout_cave_pods, swamp_mist_pool
Lair:3:   layout_gridlike, infiniplex_staircase_pool
Lair:4:   layout_hall_layers, spider_nest_entry_rubble,
          dreamdust_mushroom_princess, st_stairs_10, serial_bayou_shore_a,
          uniq_kirke, uniq_rupert
Lair:5:   beast_lair_carwin_large_3, layout_regular_city,
          grunt_forest_large_clearing_hut, grunt_megastairs_5, uniq_josephine
Lair:6:   hellmonk_lair_end_abyssal_woods, layout_hall_layers, slime_dummy,
          nicolae_volcano_entry_vermiform, grunt_megastairs_1
Spider:1: layout_chambers, uniq_azrael
Spider:2: layout_spider_delve
Spider:3: hangedman_creepy_crawlies
Spider:4: hellmonk_spider_rune_endless_swarm, uniq_nikola, uniq_bai_suzhen,
          uniq_arachne
Slime:1:  cheibrodos_slime_lost_civilization_3, layout_caves
Orc:1:    layout_caves, gammafunk_ghost_split
Orc:2:    st_orc_elflike, layout_caves, serial_shops,
          nicolae_shop_competitors_out_of_business, lightli_orcish_oven

Skill      XL: |  1  2  3  4  5  6  7  8  9 10 11 12 13 14 15 16 17 18 |
---------------+-------------------------------------------------------+-----
Axes           | 4 5 6 8 9 11 13 16 21 24 | 24.0
Fighting       | 5 11 12 14 15 20 22 | 22.0
Armour         | 10 12 15 16 23 | 23.2
Dodging        | 7 10 11 | 11.0

Action                   |  1- 3 |  4- 6 |  7- 9 | 10-12 | 13-15 | 16-18 || total
-------------------------+-------+-------+-------+-------+-------+-------++-------
Melee: Hand axe          |    88 |    56 |   207 |   531 |    76 |       ||   958
       Headbutt          |     7 |     6 |    58 |   114 |   193 |   227 ||   605
       Mace              |       |       |    81 |       |       |       ||    81
       Broad axe         |       |       |     8 |       |       |       ||     8
       Executioner's axe |       |       |       |       |   380 |   318 ||   698
       Dire flail        |       |       |       |       |   236 |   556 ||   792
       War axe           |       |       |       |       |   179 |     6 ||   185
Throw: Boomerang         |       |       |       |     1 |       |       ||     1
Invok: Berserk           |     2 |     2 |     9 |    10 |    14 |     9 ||    46
       Brothers in Arms  |       |       |       |     2 |     5 |     8 ||    15
       Trog's Hand       |       |       |       |     3 |     4 |     1 ||     8
Evoke: Wand              |       |       |       |       |    13 |    37 ||    50
  Use: Scroll            |       |       |     4 |    18 |    12 |     8 ||    42
       Potion            |       |       |       |     1 |     1 |    19 ||    21
 Stab: Distracted        |       |       |     1 |     3 |     1 |     5 ||    10
       Invisible         |       |       |       |       |    26 |    27 ||    53
Armor: Chain mail        |    48 |    42 |   107 |     9 |       |       ||   206
       Animal skin       |     4 |       |       |       |       |       ||     4
       Plate armour      |       |       |       |   156 |   145 |       ||   301
       Crystal plate arm |       |       |       |       |   245 |   466 ||   711
Dodge: Dodged            |    45 |    31 |   121 |   382 |   798 |   929 ||  2306

Table legend: (Time is in decaauts)
 A = Elapsed time spent in this place.
 B = Non-inter-level travel time spent in this place.
 C = Inter-level travel time spent in this place.
 D = Time resting spent in this place.
 E = Time spent auto-exploring this place.
 F = Levels seen in this place.
 G = Mean time per level.
                   A        B        C        D        E       F      G
               +--------+--------+--------+--------+--------+-----+--------+
         Total |  35458 |  31285 |   4173 |   6080 |  16906 |  29 | 1222.7 |
       Dungeon |  20454 |  17974 |   2480 |   3756 |   9732 |  15 | 1363.6 |
          Lair |   6658 |   5715 |    943 |    691 |   3245 |   6 | 1109.7 |
   Spider Nest |   5255 |   4828 |    427 |   1027 |   2770 |   4 | 1313.8 |
    Slime Pits |    267 |    267 |      0 |     28 |     73 |   1 |  267.0 |
  Orcish Mines |   2050 |   1727 |    323 |    266 |   1014 |   2 | 1025.0 |
        Bailey |    773 |    773 |      0 |    310 |     70 |   1 |  773.0 |
               +--------+--------+--------+--------+--------+-----+--------+

Top non-repeatable levels by time:
    D:13: 2447 daAuts
Spider:3: 2323 daAuts
     D:9: 2133 daAuts
    D:10: 2031 daAuts
    D:12: 1929 daAuts
    D:11: 1732 daAuts
  Lair:6: 1591 daAuts
     D:4: 1526 daAuts
     D:8: 1436 daAuts
Spider:1: 1394 daAuts
    D:15: 1306 daAuts
  Lair:3: 1163 daAuts
  Lair:5: 1111 daAuts
Spider:4: 1093 daAuts
     D:7: 1082 daAuts
